 Dungeon Crawl Stone Soup version 0.29-a0-322-g68df515428 (webtiles) character file.

Game seed: 3538286507721639284

9670 sanka the Cleaver (level 11, -1/89 HPs)
             Began as a Gnoll Cinder Acolyte on Apr 9, 2022.
             Was a High Priest of Ignis.
             Slain by a four-headed hydra (7 damage)
             ... on level 9 of the Dungeon.
             The game lasted 00:20:51 (11331 turns).

sanka the Cleaver (Gnoll Cinder Acolyte)           Turns: 11331, Time: 00:20:52

Health: -1/89      AC: 16    Str: 14    XL:     11   Next: 50%
Magic:  21/21      EV: 22    Int: 16    God:    Ignis [*****.]
Gold:   446        SH:  0    Dex: 12    Spells: 15/24 levels left

rFire   + + .      SeeInvis .   b - -1 hand axe (flame)
rCold   . . .      Faith    .   (no shield)
rNeg    . . .      Spirit   .   h - +2 robe {rF+}
rPois   .          Reflect  .   T - +1 helmet {Int+3}
rElec   .          Harm     .   S - +0 cloak
rCorr   .          Rampage  .   U - +0 pair of gloves
Will    .....                   (no boots)
Stlth   +++.......              J - amulet of regeneration
HPRegen 1.04/turn               K - +4 ring of evasion
MPRegen 0.17/turn               I - +4 ring of evasion

@: fiery-armoured
A: fangs 1, strong nose, distributed training
a: Renounce Religion, Fiery Armour, Foxfire Swarm, Rising Flame


You were on level 9 of the Dungeon.
You worshipped Ignis.
Ignis was extremely pleased with you.
You visited 1 branch of the dungeon, and saw 9 of its levels.
You also visited: Ossuary.

You collected 656 gold pieces.
You spent 210 gold pieces at shops.


Innate Abilities, Weirdness & Mutations

You have very sharp teeth.
Your uncanny sense of smell can sniff out nearby items.
Your experience applies equally to all skills.


   Skills:
 + Level 9.2 Fighting
 + Level 6.3 Short Blades
 + Level 6.3 Long Blades
 + Level 9.2 Axes
 + Level 6.3 Maces & Flails
 + Level 6.3 Polearms
 + Level 6.3 Staves
 + Level 6.3 Slings
 + Level 6.3 Bows
 + Level 6.3 Crossbows
 + Level 6.3 Throwing
 + Level 6.3 Armour
 + Level 6.3 Dodging
 + Level 6.3 Stealth
 + Level 6.3 Shields
 + Level 6.3 Unarmed Combat
 + Level 7.0 Spellcasting
 + Level 5.2 Conjurations
 + Level 5.2 Hexes
 + Level 5.2 Summonings
 + Level 5.2 Necromancy
 + Level 5.2 Translocations
 + Level 5.2 Transmutations
 + Level 7.7 Fire Magic
 + Level 5.2 Ice Magic
 + Level 5.2 Air Magic
 + Level 5.2 Earth Magic
 + Level 5.2 Poison Magic
 + Level 7.0 Invocations
 + Level 6.3 Evocations


You had 15 spell levels left.
You knew the following spells:

 Your Spells              Type           Power      Damage    Failure   Level
u - Wereblood             Tmut           22%        N/A       2%          2
y - Scorch                Fire           60%        2d8       1%          2
z - Stone Arrow           Conj/Erth      44%        3d9       4%          3
N - Passwall              Tmut/Erth      18%        N/A       2%          2

Your spell library contained the following spells:

 Spells                   Type           Power      Damage    Failure   Level
 Magic Dart               Conj           88%        1d7       1%          1
 Sandblast                Erth           44%        2d11      1%          1
 Call Imp                 Summ           22%        N/A       2%          2
 Sublimation of Blood     Necr           22%        N/A       2%          2
 Confusing Touch          Hex            22%        N/A       4%          3
 Mephitic Cloud           Conj/Pois/Air  22%        N/A       4%          3
 Tukima's Dance           Hex            22%        N/A       4%          3
 Anguish                  Hex/Necr       11%        N/A       14%         4
 Petrify                  Tmut/Erth      22%        N/A       14%         4
 Irradiate                Conj/Tmut      11%        3d17      36%         5
 Yara's Violent Unravell  Hex/Tmut       11%        3d6       36%         5
 Enfeeble                 Hex            11%        N/A       100%        7
 Summon Hydra             Summ           11%        N/A       100%        7

Inventory:

Hand Weapons
 a - a +2 hand axe of electrocution
 b - a -1 hand axe of flaming (weapon)
 L - a +0 war axe
 Y - the +9 dagger of Mybrimo {elec, rElec}

   It occasionally discharges a powerful burst of electricity upon striking a
   foe.
   rElec:     It insulates you from electricity.
Missiles
 i - 18 poisoned darts
 R - a throwing net {=f}
 W - 2 curare-tipped darts {=f}
Armour
 h - a +2 robe of fire resistance (worn)
 S - a +0 cloak (worn)
 T - a +1 helmet of intelligence (worn)
 U - a +0 pair of gloves (worn)
 X - a +2 kite shield of cold resistance
Jewellery
 k - a ring of the Octopus King {MP+9 AC+1 EV+1 Str+1 Int+1 Dex+1}

   [ring of magical power]

   AC:        It affects your AC (+1).
   EV:        It affects your evasion (+1).
   Str:       It affects your strength (+1).
   Int:       It affects your intelligence (+1).
   Dex:       It affects your dexterity (+1).
   MP:        It affects your magic capacity (+9).
 r - an amulet of the acrobat
 y - a +6 ring of dexterity
 I - a +4 ring of evasion (right hand)
 J - an amulet of regeneration (around neck)
 K - a +4 ring of evasion (left hand)
 M - an amulet of guardian spirit
Wands
 x - a wand of flame (43)
 N - a wand of charming (2)
 P - a wand of digging (12)
Scrolls
 e - 2 scrolls of immolation {!r}
 f - a scroll of acquirement {unknown}
 g - 3 scrolls of brand weapon
 j - 5 scrolls of holy word
 m - 2 scrolls of magic mapping {unknown}
 o - 3 scrolls of amnesia
 q - 7 scrolls of fear
 s - 2 scrolls of vulnerability {unknown}
 u - 2 scrolls of enchant weapon {unknown}
 v - 3 scrolls of teleportation {@r4}
 w - a scroll of blinking {unknown}
 B - 2 scrolls of noise {unknown}
 C - 3 scrolls of fog
 F - 3 scrolls of torment {unknown}
 Q - a scroll of enchant armour {unknown}
 Z - a scroll of identify {@r1}
Potions
 c - a potion of magic {unknown}
 d - 4 potions of heal wounds {unknown}
 l - 2 potions of mutation {unknown}
 n - 3 potions of cancellation {unknown}
 p - 4 potions of flight {unknown}
 t - a potion of resistance {unknown}
 z - 3 potions of lignification {unknown}
 A - 2 potions of attraction {unknown}
 D - a potion of might {unknown}
 E - 6 potions of curing {unknown}
 G - 2 potions of haste {unknown}
 H - a potion of berserk rage {unknown}
 O - 3 potions of brilliance {unknown}
 V - a potion of ambrosia {unknown}

Dungeon Overview and Level Annotations

Branches:
Dungeon (9/15)             Temple (0/1) D:7            Lair (0/6) D:8
    Orc (0/2) D:9         Ossuary (visited)

Altars:
Ashenzari
Dithmenos
Elyvilon
Ru
Trog
Wu Jian
The Shining One

Shops:
D:5 :   D:6 [

Annotations:
D:9 Amaemon

▒▒.
▒▒............. ▒
.▒
▒.............. .
▒.
▒▒..............
▒▒ .▒
▒...........^..>
∆
▒▒...............
▒................
▒▒..▒......▒....
▒......▒▒▒D▒ ▒
▒.....▒▒ ▒g▒
▒▒.....▒ ▒.▒
▒......▒ ▒.▒
▒▒......▒ ▒.▒
▒.......▒ ▒.▒
▒▒.....▒.▒▒▒▒.▒
▒....▒▒▒..[)▒.▒
▒▒....▒▒▒▒▒▒†▒.▒
▒......▒▒▒ ▒.▒.▒▒


You could see a four-headed hydra.


Message History

* * * LOW HITPOINT WARNING * * *
The five-headed hydra bites you!
* * * LOW HITPOINT WARNING * * *
The five-headed hydra bites you!
* * * LOW HITPOINT WARNING * * *
Unknown command.
Unknown command.
Use which ability? (? or * to list)
A protective cloak of flame settles atop you.
The five-headed hydra closely misses you.
The five-headed hydra closely misses you.
The five-headed hydra bites you but does no damage.
The five-headed hydra is burned by your cloak of flames.
The five-headed hydra is lightly wounded.
The five-headed hydra barely misses you.
The five-headed hydra misses you.
Unknown command.
You slice one of the five-headed hydra's heads off!
The flame cauterises the wound!
You hit the four-headed hydra. You burn the four-headed hydra.
The four-headed hydra is lightly wounded.
The four-headed hydra bites you!
* * * LOW HITPOINT WARNING * * *
The four-headed hydra is burned by your cloak of flames.
The four-headed hydra is moderately wounded.
The four-headed hydra completely misses you.
The four-headed hydra misses you. The four-headed hydra bites you!
You die...

Action                   |  1- 3 |  4- 6 |  7- 9 | 10-12 || total
-------------------------+-------+-------+-------+-------++-------
Melee: Hand axe          |    76 |       |   108 |    84 ||   268
       Bite              |     7 |     6 |    38 |    19 ||    70
       War axe           |    24 |    66 |   208 |       ||   298
       Punch             |     1 |       |     9 |     5 ||    15
       Dagger            |       |       |       |    78 ||    78
Throw: Dart              |     4 |     1 |     3 |     2 ||    10
 Cast: Scorch            |     5 |    16 |    72 |   135 ||   228
       Wereblood         |       |       |       |     1 ||     1
Invok: Fiery Armour      |       |       |       |     2 ||     2
Evoke: Wand              |       |       |       |     1 ||     1
  Use: Scroll            |       |       |     6 |     1 ||     7
 Stab: Distracted        |     1 |       |       |       ||     1
       Sleeping          |       |     3 |     6 |       ||     9
Armor: Robe              |    22 |    17 |    84 |    26 ||   149
       Steam dragon scal |       |       |       |    30 ||    30
Dodge: Dodged            |    54 |    46 |   309 |   279 ||   688

Levels and vault maps discovered:
D:1:      dpeg_arrival_connections, layout_basic
D:2:      layout_basic, uniq_sigmund
D:3:      layout_basic, mainiacjoe_overflow_catwalk, hangedman_glass_teeth,
          minmay_unequal, uniq_ijyb, uniq_natasha
D:4:      layout_loops_cross, mainiacjoe_overflow_brackets, lemuel_round_altar,
          gammafunk_ghost_arena, nicolae_ossuary_entry_monument,
          kennysheep_generic_room_14
D:5:      layout_basic, serial_shops, nicolae_shop_statue_plus,
          amcnicky_mini_pool_small, nicolae_sextant, minivault_26,
          minmay_checkerbox
D:6:      layout_cave_pods, serial_shops, nicolae_take_the_stairs,
          uniq_blork_the_orc, uniq_grinder, uniq_maggie
D:7:      layout_loops_corners, gammafunk_temple_overflow_forgotten,
          temple_hall, uniq_crazy_yiuf_cottage, uniq_menkaure
D:8:      layout_cave_pools, trog_butcher_becter,
          grunt_lair_entry_orc_guard_hut, uniq_psyche
D:9:      minmay_the_grid_triangle_9x9_rhombus_thin
          [minmay_the_grid_triangle_9x9_zippers_vertical,
          minmay_the_grid_triangle_9x9_prize_top_heavy,
          minmay_the_grid_triangle_9x9_stretched_checkered,
          minmay_the_grid_triangle_9x9_alien], layout_rooms, lemuel_tele_altar,
          kennysheep_orc_monster_closet_entryway, st_stairs_7,
          interstate_on_off, uniq_prince_ribbit1, uniq_grum, uniq_amaemon,
          uniq_joseph

Notes
Turn   | Place    | Note
-------+----------+-------------------------------------------
     0 | D:1      | sanka the Gnoll Cinder Acolyte began the quest for the Orb.
     0 | D:1      | Reached XP level 1. HP: 23/23 MP: 4/4
   353 | D:1      | Reached XP level 2. HP: 17/29 MP: 5/5
   864 | D:1      | Reached XP level 3. HP: 35/35 MP: 7/7
  1318 | D:2      | Reached skill level 1 in Invocations
  1524 | D:2      | Found the ring of the Octopus King
  1531 | D:2      | Identified a ring of the Octopus King {MP+9 AC+1 EV+1 Str+1
                  | Int+1 Dex+1}
  1749 | D:2      | Learned a level 2 spell: Scorch
  1752 | D:2      | Learned a level 2 spell: Passwall
  1763 | D:2      | Reached skill level 1 in Short Blades
  1763 | D:2      | Reached skill level 1 in Long Blades
  1763 | D:2      | Reached skill level 1 in Maces & Flails
  1763 | D:2      | Reached skill level 1 in Polearms
  1763 | D:2      | Reached skill level 1 in Staves
  1763 | D:2      | Reached skill level 1 in Slings
  1763 | D:2      | Reached skill level 1 in Bows
  1763 | D:2      | Reached skill level 1 in Crossbows
  1763 | D:2      | Reached skill level 1 in Throwing
  1763 | D:2      | Reached skill level 1 in Armour
  1763 | D:2      | Reached skill level 1 in Dodging
  1763 | D:2      | Reached skill level 1 in Stealth
  1763 | D:2      | Reached skill level 1 in Shields
  1763 | D:2      | Reached skill level 1 in Unarmed Combat
  1763 | D:2      | Reached skill level 1 in Evocations
  1785 | D:2      | Noticed Sigmund
  1795 | D:2      | Killed Sigmund
  1796 | D:2      | Reached skill level 3 in Spellcasting
  1796 | D:2      | Reached skill level 1 in Conjurations
  1796 | D:2      | Reached skill level 1 in Hexes
  1796 | D:2      | Reached skill level 1 in Summonings
  1796 | D:2      | Reached skill level 1 in Necromancy
  1796 | D:2      | Reached skill level 1 in Translocations
  1796 | D:2      | Reached skill level 1 in Transmutations
  1796 | D:2      | Reached skill level 1 in Ice Magic
  1796 | D:2      | Reached skill level 1 in Air Magic
  1796 | D:2      | Reached skill level 1 in Earth Magic
  1796 | D:2      | Reached skill level 1 in Poison Magic
  1796 | D:2      | Reached XP level 4. HP: 39/41 MP: 4/8
  1796 | D:2      | Reached XP level 5. HP: 45/47 MP: 4/9
  2778 | D:3      | Found an ornate altar of the Wu Jian Council.
  2956 | D:3      | Reached XP level 6. HP: 53/53 MP: 10/10
  3034 | D:3      | Reached skill level 2 in Invocations
  3155 | D:3      | Noticed Ijyb
  3163 | D:3      | Killed Ijyb
  3299 | D:3      | Noticed Natasha
  3306 | D:3      | Killed Natasha
  3332 | D:3      | Noticed Natasha
  3336 | D:3      | Killed Natasha
  3337 | D:3      | Reached skill level 2 in Short Blades
  3337 | D:3      | Reached skill level 2 in Long Blades
  3337 | D:3      | Reached skill level 2 in Maces & Flails
  3337 | D:3      | Reached skill level 2 in Polearms
  3337 | D:3      | Reached skill level 2 in Staves
  3337 | D:3      | Reached skill level 2 in Slings
  3337 | D:3      | Reached skill level 2 in Bows
  3337 | D:3      | Reached skill level 2 in Crossbows
  3337 | D:3      | Reached skill level 2 in Throwing
  3337 | D:3      | Reached skill level 2 in Armour
  3337 | D:3      | Reached skill level 2 in Dodging
  3337 | D:3      | Reached skill level 2 in Stealth
  3337 | D:3      | Reached skill level 2 in Shields
  3337 | D:3      | Reached skill level 2 in Unarmed Combat
  3337 | D:3      | Reached skill level 2 in Evocations
  3353 | D:3      | Found an ornate altar of the Wu Jian Council.
  3617 | D:3      | Noticed Natasha
  3622 | D:3      | Killed Natasha
  3670 | D:4      | Noticed a hornet
  3676 | D:4      | Killed a hornet
  3676 | D:4      | HP: 5/53 [poisoned by a hornet]
  3677 | D:4      | Reached skill level 7 in Fighting
  3677 | D:4      | Reached skill level 7 in Axes
  3677 | D:4      | Reached XP level 7. HP: 5/60 MP: 11/12
  3679 | D:4      | HP: 2/60 [poisoned by a hornet]
  3970 | D:4      | Found a glowing golden altar of the Shining One.
  3975 | D:4      | Reached skill level 2 in Conjurations
  3975 | D:4      | Reached skill level 2 in Hexes
  3975 | D:4      | Reached skill level 2 in Summonings
  3975 | D:4      | Reached skill level 2 in Necromancy
  3975 | D:4      | Reached skill level 2 in Translocations
  3975 | D:4      | Reached skill level 2 in Transmutations
  3975 | D:4      | Reached skill level 2 in Ice Magic
  3975 | D:4      | Reached skill level 2 in Air Magic
  3975 | D:4      | Reached skill level 2 in Earth Magic
  3975 | D:4      | Reached skill level 2 in Poison Magic
  4036 | D:4      | Found a sand-covered staircase.
  4045 | Ossuary  | Entered an ossuary
  4086 | Ossuary  | Reached skill level 3 in Invocations
  4149 | Ossuary  | Reached skill level 4 in Spellcasting
  4355 | Ossuary  | Reached skill level 6 in Fire Magic
  4355 | Ossuary  | Reached XP level 8. HP: 62/67 MP: 14/14
  4472 | Ossuary  | Reached skill level 3 in Short Blades
  4472 | Ossuary  | Reached skill level 3 in Long Blades
  4472 | Ossuary  | Reached skill level 3 in Maces & Flails
  4472 | Ossuary  | Reached skill level 3 in Polearms
  4472 | Ossuary  | Reached skill level 3 in Staves
  4472 | Ossuary  | Reached skill level 3 in Slings
  4472 | Ossuary  | Reached skill level 3 in Bows
  4472 | Ossuary  | Reached skill level 3 in Crossbows
  4472 | Ossuary  | Reached skill level 3 in Throwing
  4472 | Ossuary  | Reached skill level 3 in Armour
  4472 | Ossuary  | Reached skill level 3 in Dodging
  4472 | Ossuary  | Reached skill level 3 in Stealth
  4472 | Ossuary  | Reached skill level 3 in Shields
  4472 | Ossuary  | Reached skill level 3 in Unarmed Combat
  4472 | Ossuary  | Reached skill level 3 in Evocations
  4694 | D:4      | Found a sacrificial altar of Ru.
  4870 | D:4      | Found a transporter.
  4870 | D:4      | Found a transporter.
  4870 | D:4      | Noticed kae's ghost (amateur TeFE)
  5386 | D:4      | Killed kae's ghost
  5500 | D:5      | Entered Level 5 of the Dungeon
  5766 | D:5      | Found Kuewabb's Book Emporium.
  5866 | D:5      | Reached skill level 3 in Conjurations
  5866 | D:5      | Reached skill level 3 in Hexes
  5866 | D:5      | Reached skill level 3 in Summonings
  5866 | D:5      | Reached skill level 3 in Necromancy
  5866 | D:5      | Reached skill level 3 in Translocations
  5866 | D:5      | Reached skill level 3 in Transmutations
  5866 | D:5      | Reached skill level 3 in Ice Magic
  5866 | D:5      | Reached skill level 3 in Air Magic
  5866 | D:5      | Reached skill level 3 in Earth Magic
  5866 | D:5      | Reached skill level 3 in Poison Magic
  5866 | D:5      | Reached skill level 4 in Invocations
  5921 | D:5      | Reached XP level 9. HP: 38/72 MP: 16/16
  6165 | D:5      | Identified the +2 pair of gloves of the Unbroken {Contam
                  | Harm rElec Dex+5}
  6735 | D:6      | Reached skill level 4 in Short Blades
  6735 | D:6      | Reached skill level 4 in Long Blades
  6735 | D:6      | Reached skill level 4 in Maces & Flails
  6735 | D:6      | Reached skill level 4 in Polearms
  6735 | D:6      | Reached skill level 4 in Staves
  6735 | D:6      | Reached skill level 4 in Slings
  6735 | D:6      | Reached skill level 4 in Bows
  6735 | D:6      | Reached skill level 4 in Crossbows
  6735 | D:6      | Reached skill level 4 in Throwing
  6735 | D:6      | Reached skill level 4 in Armour
  6735 | D:6      | Reached skill level 4 in Dodging
  6735 | D:6      | Reached skill level 4 in Stealth
  6735 | D:6      | Reached skill level 4 in Shields
  6735 | D:6      | Reached skill level 4 in Unarmed Combat
  6735 | D:6      | Reached skill level 4 in Evocations
  6742 | D:6      | Reached skill level 5 in Spellcasting
  6838 | D:6      | Noticed Blork the orc
  6850 | D:6      | Killed Blork the orc
  6928 | D:6      | Identified +0 swamp dragon scales
  6928 | D:6      | Noticed Maggie
  6950 | D:6      | Killed Maggie
  7063 | D:6      | Noticed Grinder
  7081 | D:6      | Paralysed by Grinder for 6 turns
  7087 | D:6      | Killed Grinder
  7088 | D:6      | Reached skill level 8 in Fighting
  7088 | D:6      | Reached skill level 8 in Axes
  7364 | D:6      | Found Bedothrarph's Armour Shoppe.
  7619 | D:7      | Reached skill level 5 in Invocations
  7660 | D:7      | Noticed Menkaure
  7803 | D:7      | Found a broken altar of Ashenzari.
  7803 | D:7      | Found a shadowy altar of Dithmenos.
  7803 | D:7      | Found a white marble altar of Elyvilon.
  7880 | D:7      | Killed Menkaure
  8420 | D:7      | Reached skill level 4 in Conjurations
  8420 | D:7      | Reached skill level 4 in Hexes
  8420 | D:7      | Reached skill level 4 in Summonings
  8420 | D:7      | Reached skill level 4 in Necromancy
  8420 | D:7      | Reached skill level 4 in Translocations
  8420 | D:7      | Reached skill level 4 in Transmutations
  8420 | D:7      | Reached skill level 4 in Ice Magic
  8420 | D:7      | Reached skill level 4 in Air Magic
  8420 | D:7      | Reached skill level 4 in Earth Magic
  8420 | D:7      | Reached skill level 4 in Poison Magic
  8420 | D:7      | Reached XP level 10. HP: 80/80 MP: 18/18
  8537 | D:7      | Found a runed translucent door.
  8538 | D:7      | Noticed Crazy Yiuf
  8768 | D:7      | Found a staircase to the Ecumenical Temple.
  8951 | D:7      | Killed Crazy Yiuf
  9032 | D:6      | Bought a +1 helmet of intelligence for 165 gold pieces
  9032 | D:6      | Bought a +0 pair of gloves for 45 gold pieces
  9140 | D:8      | Reached skill level 5 in Short Blades
  9140 | D:8      | Reached skill level 5 in Long Blades
  9140 | D:8      | Reached skill level 5 in Maces & Flails
  9140 | D:8      | Reached skill level 5 in Polearms
  9140 | D:8      | Reached skill level 5 in Staves
  9140 | D:8      | Reached skill level 5 in Slings
  9140 | D:8      | Reached skill level 5 in Bows
  9140 | D:8      | Reached skill level 5 in Crossbows
  9140 | D:8      | Reached skill level 5 in Throwing
  9140 | D:8      | Reached skill level 5 in Armour
  9140 | D:8      | Reached skill level 5 in Dodging
  9140 | D:8      | Reached skill level 5 in Stealth
  9140 | D:8      | Reached skill level 5 in Shields
  9140 | D:8      | Reached skill level 5 in Unarmed Combat
  9140 | D:8      | Reached skill level 5 in Evocations
  9346 | D:8      | Noticed Psyche
  9356 | D:8      | Killed Psyche
  9357 | D:8      | Reached skill level 7 in Fire Magic
  9407 | D:8      | Identified +0 steam dragon scales
  9481 | D:8      | Found a bloodstained altar of Trog.
  9488 | D:8      | Reached skill level 6 in Spellcasting
  9826 | D:8      | Found a staircase to the Lair.
  9900 | D:8      | Learned a level 3 spell: Stone Arrow
  9903 | D:8      | Learned a level 2 spell: Wereblood
  9965 | D:9      | Found a staircase to the Orcish Mines.
 10246 | D:9      | Reached skill level 6 in Invocations
 10259 | D:9      | Noticed Grum
 10695 | D:9      | Noticed a manticore
 10702 | D:9      | Killed a manticore
 10703 | D:9      | Reached XP level 11. HP: 83/87 MP: 9/20
 10844 | D:9      | Noticed a deep elf pyromancer
 10895 | D:9      | Reached skill level 9 in Fighting
 10895 | D:9      | Reached skill level 6 in Short Blades
 10895 | D:9      | Reached skill level 6 in Long Blades
 10895 | D:9      | Reached skill level 9 in Axes
 10895 | D:9      | Reached skill level 6 in Maces & Flails
 10895 | D:9      | Reached skill level 6 in Polearms
 10895 | D:9      | Reached skill level 6 in Staves
 10895 | D:9      | Reached skill level 6 in Slings
 10895 | D:9      | Reached skill level 6 in Bows
 10895 | D:9      | Reached skill level 6 in Crossbows
 10895 | D:9      | Reached skill level 6 in Throwing
 10895 | D:9      | Reached skill level 6 in Armour
 10895 | D:9      | Reached skill level 6 in Dodging
 10895 | D:9      | Reached skill level 6 in Stealth
 10895 | D:9      | Reached skill level 6 in Shields
 10895 | D:9      | Reached skill level 6 in Unarmed Combat
 10895 | D:9      | Reached skill level 6 in Evocations
 10912 | D:9      | Reached skill level 5 in Conjurations
 10912 | D:9      | Reached skill level 5 in Hexes
 10912 | D:9      | Reached skill level 5 in Summonings
 10912 | D:9      | Reached skill level 5 in Necromancy
 10912 | D:9      | Reached skill level 5 in Translocations
 10912 | D:9      | Reached skill level 5 in Transmutations
 10912 | D:9      | Reached skill level 5 in Ice Magic
 10912 | D:9      | Reached skill level 5 in Air Magic
 10912 | D:9      | Reached skill level 5 in Earth Magic
 10912 | D:9      | Reached skill level 5 in Poison Magic
 10950 | D:9      | Noticed Amaemon
 10959 | D:9      | Identified the +9 dagger of Mybrimo {elec, rElec}
 11008 | D:9      | Noticed Joseph
 11043 | D:9      | Killed Grum
 11048 | D:9      | Killed Joseph
 11127 | D:9      | Noticed Prince Ribbit
 11135 | D:9      | Killed Prince Ribbit
 11180 | D:9      | Noticed a cyclops
 11240 | D:9      | Noticed a centaur warrior
 11278 | D:9      | Killed a centaur warrior
 11279 | D:9      | Reached skill level 7 in Spellcasting
 11314 | D:9      | Noticed a five-headed hydra
 11325 | D:9      | Killed a cyclops
 11326 | D:9      | Reached skill level 7 in Invocations
 11331 | D:9      | HP: 6/89 [four-headed hydra (10)]
 11331 | D:9      | Slain by a four-headed hydra

Vanquished Creatures
  A centaur warrior (D:9)
  A cyclops (D:9)
  A manticore (D:9)
  Joseph (D:9)
  An orange demon (D:9)
  Maggie (D:6)
  Psyche (D:8)
  2 trolls (D:9)
  Grinder (D:6)
  2 hornets
  Prince Ribbit (D:9)
  Sigmund (D:2)
  A wraith (D:9)
  Grum (D:9)
  A steam dragon (D:8)
  Menkaure (D:7)
  An acid dragon (D:9)
  The ghost of kae the Firebug, an amateur TeFE (D:4)
  A water moccasin (D:7)
  A black bear (D:8)
  4 orc warriors
  A sky beast (D:5)
  4 ogres
  4 wolves
  5 centaurs
  An elf zombie (Ossuary)
  3 kobold brigands (D:9)
  Blork the orc (D:6)
  A necrophage (D:5)
  6 bullfrogs
  5 gnoll sergeants
  7 scorpions
  4 wights (D:9)
  A killer bee (D:9)
  2 howler monkeys
  3 centaur zombies (Ossuary)
  3 human zombies (Ossuary)
  A gnoll shaman (D:7)
  5 orc priests
  Crazy Yiuf (D:7)
  3 hounds
  Ijyb (D:3)
  4 orc wizards
  Natasha (thrice) (D:3)
  6 iguanas
  2 hound zombies (Ossuary)
  3 mummies (Ossuary)
  18 gnolls
  4 adders
  A shadow imp (D:7)
  A white imp (D:6)
  3 ufetubi
  2 adder zombies (Ossuary)
  A worm (D:4)
  2 dart slugs
  25 orcs
  7 ball pythons
  8 endoplasms
  3 giant cockroaches
  A gnoll zombie (Ossuary)
  6 goblins
  10 hobgoblins
  15 kobolds
  4 quokkas
  8 bats
  6 frilled lizards
  3 goblin zombies (Ossuary)
  6 hobgoblin zombies (Ossuary)
  3 jackal zombies (Ossuary)
  A kobold zombie (Ossuary)
  2 orc zombies (Ossuary)
  6 quokka zombies (Ossuary)
  7 rats
  3 rat zombies (Ossuary)
262 creatures vanquished.

Vanquished Creatures (collateral kills)
  A yak (D:9)
  An acid dragon (D:9)
2 creatures vanquished.

Vanquished Creatures (others)
  2 fungi (D:8)
  2 plants (D:8)
4 creatures vanquished.

Grand Total: 268 creatures vanquished
